 Dungeon Crawl Stone Soup version 0.30.1-3-gfc49f6343a (webtiles) character file.

Game seed: 8557456710321609957

457 Peloso the Slasher (level 6, -4/55 HPs)
             Began as a Minotaur Fighter on July 19, 2023.
             Slain by Edmund
             ... wielding a +5 flail of protection
              (13 damage)
             ... on level 3 of the Dungeon.
             The game lasted 00:06:10 (2685 turns).

Peloso the Slasher (Minotaur Fighter)               Turns: 2685, Time: 00:06:10

Health: -4/55      AC: 12    Str: 20    XL:     6   Next: 77%
Magic:  5/5        EV:  8    Int:  5    God:
Gold:   110        SH:  5    Dex: 12    Spells: 5/5 levels left

rFire   . . .        a - +3 falchion (holy)
rCold   . . .        d - +0 buckler
rNeg    . . .        c - +1 chain mail
rPois   .            (helmet restricted)
rElec   .            (no cloak)
rCorr   .            o - +0 pair of gloves
SInv    .            (no boots)
Will    .....        (no amulet) Stlth
                     (no ring)
HPRegen 0.29/turn    (no ring)
MPRegen 0.09/turn

%: no passive effects
@: no status effects
A: horns 2, retaliatory headbutt
a: no special abilities


You were on level 3 of the Dungeon.
You visited 1 branch of the dungeon, and saw 4 of its levels.

You collected 110 gold pieces.

Inventory:

Hand Weapons
 a - a +3 falchion of holy wrath (weapon)
Armour
 b - a +0 scale mail
 c - a +1 chain mail (worn)
 d - a +0 buckler (worn)
 o - a +0 pair of gloves (worn)
Scrolls
 g - a scroll of enchant armour
 h - a scroll of poison {unknown}
 k - a scroll of teleportation
Potions
 e - 3 potions of brilliance
 f - a potion of attraction {unknown}
 i - 2 potions of might


   Skills:
 + Level 4.9 Fighting
 + Level 6.1 Long Blades
 + Level 5.5 Armour
 + Level 1.2 Dodging
 + Level 4.5 Shields


You had 5 spell levels left.
You didn't know any spells.
Your spell library contained the following spells:

 Spells                   Type           Power      Damage    Failure   Level
 Magic Dart               Conj           0%         1d3       99%         1
 Cigotuvi's Dreadful Rot  Necr/Pois/Air  0%         N/A       100%        2
 Searing Ray              Conj           0%         2d4       100%        2
 Ignite Poison            Fire/Tmut/Pois 0%         N/A       100%        3
 Fulminant Prism          Conj/Hex       0%         3d5       100%        4
 Freezing Cloud           Conj/Ice/Air   0%         6-21      100%        5


Dungeon Overview and Level Annotations

Branches:
Dungeon (4/15)
 Temple: D:4-7

Altars:
Cheibriados
Gozag

Annotations:
D:3 Edmund
D:4 Robin


Innate Abilities, Weirdness & Mutations

You have a pair of horns on your head.
You reflexively headbutt those who attack you in melee.


Message History

You climb upwards.
There is a stone staircase leading down here.
Unknown command.
You hit Edmund but do no damage. Your headbutt misses Edmund.
You block the iguana's attack. Edmund hits you but does no damage.
You barely miss Edmund. You block the iguana's attack.
Edmund hits you with a +5 flail of protection!
You closely miss Edmund. The iguana bites you. You block Edmund's attack.
You barely miss Edmund.
The iguana bites you but does no damage.
You block Edmund's attack.
You hit Edmund but do no damage. You headbutt Edmund!
Edmund is moderately wounded.
The iguana bites you.
Edmund hits you with a +5 flail of protection!
You slash Edmund!
Edmund is heavily wounded.
The iguana misses you. Edmund barely misses you.
You hit Edmund but do no damage. Your headbutt misses Edmund.
Edmund is heavily wounded.
The iguana bites you but does no damage.
Edmund hits you with a +5 flail of protection.
You hit Edmund.
Edmund is heavily wounded.
The iguana bites you but does no damage.
Edmund hits you with a +5 flail of protection.
* * * LOW HITPOINT WARNING * * *
You closely miss Edmund.
Edmund is heavily wounded.
The iguana barely misses you. Edmund completely misses you.
You hit Edmund. You headbutt Edmund, but do no damage.
Edmund is heavily wounded.
The iguana bites you but does no damage.
Edmund hits you with a +5 flail of protection.
* * * LOW HITPOINT WARNING * * *
Unknown command.
You feel better. The iguana bites you.
* * * LOW HITPOINT WARNING * * *
Edmund hits you with a +5 flail of protection!
You die...

####### ......#####
#####.....#############
#...?#.............#
#....#########...### ##
#....#### ##l###
.###.......# #@)#
.#.......>.#####@##
...†.......#.....#
#)#.##.....#.#####
..#.....####.#####
.#####...........##
.#####......####..###
.........#### ##...####
..###<..## ###..<.###


You could see Edmund and an iguana.

Vanquished Creatures
  Sigmund (D:4)
  A phantom (D:4)
  A jelly (D:4)
  An iguana (D:4)
  An orc wizard (D:4)
  3 adders
  A worm (D:2)
  3 dart slugs
  9 orcs
  5 endoplasms
  5 giant cockroaches
  18 goblins
  10 hobgoblins
  5 jackals (D:3)
  8 kobolds
  7 ball pythons
  8 bats
  2 frilled lizards (D:2)
  5 rats
94 creatures vanquished.

Notes
Turn   | Place    | Note
-------+----------+-------------------------------------------
     0 | D:1      | Peloso the Minotaur Fighter began the quest for the Orb.
     0 | D:1      | Reached XP level 1. HP: 19/19 MP: 0/0
   136 | D:1      | Reached XP level 2. HP: 24/27 MP: 1/1
   745 | D:2      | Identified the +0 robe of the Summoning Gods {rElec rPois
                  | Int-4}
   752 | D:2      | Reached skill level 3 in Long Blades
   752 | D:2      | Reached XP level 3. HP: 33/33 MP: 2/2
  1569 | D:3      | Reached XP level 4. HP: 40/40 MP: 3/3
  1968 | D:4      | Noticed a phantom
  1975 | D:4      | Killed a phantom
  1976 | D:4      | Reached skill level 4 in Long Blades
  1976 | D:4      | Reached skill level 5 in Armour
  1976 | D:4      | Reached XP level 5. HP: 41/47 MP: 4/4
  2018 | D:4      | Found an opulent altar of Gozag.
  2191 | D:4      | Found a snail-covered altar of Cheibriados.
  2264 | D:4      | Reached skill level 5 in Long Blades
  2264 | D:4      | Noticed Sigmund
  2269 | D:4      | Reached skill level 1 in Dodging
  2341 | D:4      | Killed Sigmund
  2342 | D:4      | Reached skill level 6 in Long Blades
  2342 | D:4      | Reached XP level 6. HP: 55/55 MP: 5/5
  2500 | D:4      | Noticed Robin
  2522 | D:4      | Noticed Edmund
  2685 | D:3      | Slain by Edmund

Illustrated notes

Levels and vault maps discovered:
D:1:      minmay_arrival_jagged, layout_basic
D:2:      layout_basic, minmay_vboxes
D:3:      layout_rooms, feat_on_display
D:4:      layout_gridville, mainiacjoe_overflow_big_doors,
          nicolae_kite_square_tiling_tiny, uniq_robin, uniq_sigmund, uniq_edmund

Skill      XL: |  1  2  3  4  5 |
---------------+----------------+-----
Shields        | 4 |  4.5
Armour         | 4 5 |  5.5
Fighting       | 4 |  4.9
Long Blades    | 3 4 6 |  6.1
Dodging        | 1 |  1.2

Action                     |  1- 3 |  4- 6 || total
---------------------------+-------+-------++-------
  Melee: Long sword        |   130 |    58 ||   188
         Headbutt          |    14 |    17 ||    31
         Falchion          |       |    48 ||    48
    Use: Potion            |     4 |     1 ||     5
         Scroll            |     2 |     4 ||     6
 Armour: Scale mail        |    69 |       ||    69
         Chain mail        |    19 |    78 ||    97
  Dodge: Dodged            |    62 |    42 ||   104
  Block: Buckler           |    36 |    33 ||    69
